 Dungeon Crawl Stone Soup version 0.31-a0-40-g1d5085d191 (webtiles) character file.

Game seed: 16402443509687109515

105 vineage the Trooper (level 4, 0/38 HPs)
             Began as a Merfolk Fighter on May 17, 2023.
             Slain by a black bear (5 damage)
             ... on level 3 of the Dungeon.
             The game lasted 00:02:12 (2404 turns).

vineage the Trooper (Merfolk Fighter)               Turns: 2404, Time: 00:02:13

Health: 0/38       AC:  6    Str: 18    XL:     4   Next: 83%
Magic:  4/4        EV:  9    Int:  7    God:
Gold:   105        SH:  7    Dex: 13    Spells: 3/3 levels left

rFire   . . .        a - +1 trident
rCold   + . .        m - +2 buckler
rNeg    . . .        b - +0 scale mail
rPois   .            (no helmet)
rElec   .            (no cloak)
rCorr   .            (no gloves)
SInv    .            (no boots)
Will    .....        (no amulet) Stlth
                     j - ring of protection from cold
HPRegen 0.26/turn    (no ring)
MPRegen 0.09/turn

%: no passive effects
@: no status effects
A: (nimble swimmer 2), mertail
a: no special abilities


You were on level 3 of the Dungeon.
You visited 1 branch of the dungeon, and saw 5 of its levels.

You collected 105 gold pieces.

Inventory:

Hand Weapons
 a - a +1 trident (weapon)
Armour
 b - a +0 scale mail (worn)
 c - a +1 buckler
 m - a +2 buckler (worn)
Jewellery
 j - a ring of protection from cold (left hand)
Wands
 o - a wand of flame (20)
Scrolls
 f - 2 scrolls of teleportation
 i - 3 scrolls of enchant weapon
 p - a scroll of identify
Potions
 d - a potion of might
 e - 3 potions of heal wounds
 g - a potion of flight {unknown}
 h - 2 potions of degeneration {unknown}
 k - 3 potions of curing {unknown}
 l - 2 potions of mutation {unknown}
 n - a potion of invisibility {unknown}


   Skills:
 * Level 4.5 Fighting
 * Level 4.1 Polearms
 + Level 2.5 Armour
 + Level 3.4 Shields


You had 3 spell levels left.
You didn't know any spells.
Your spell library contained the following spells:

 Spells                   Type           Power      Damage    Failure   Level
 Sublimation of Blood     Necr           0%         N/A       96%         2
 Wereblood                Tmut           0%         N/A       96%         2
 Summon Hydra             Summ           0%         N/A       100%        7


Dungeon Overview and Level Annotations

Branches:
Dungeon (5/15)
 Temple: D:4-7

Altars:
Kikubaaqudgha


Innate Abilities, Weirdness & Mutations

((You are very nimble when in or above water. (Stealth+, EV+, Speed+++)))
Your lower body shifts to a powerful aquatic tail in water.


Message History

The black bear claws you but does no damage.
You hit the black bear.
The black bear is severely wounded.
The black bear goes berserk!
You closely miss the black bear.
The black bear is severely wounded.
You block the black bear's attack. The black bear barely misses you.
You block the black bear's attack. The black bear barely misses you.
You block the black bear's attack. The black bear claws you.
You closely miss the black bear.
The black bear is severely wounded.
The black bear bites you. The black bear claws you.
You block the black bear's attack. The frilled lizard barely misses you.
You barely miss the black bear.
The black bear is severely wounded.
You block the black bear's attack. The black bear claws you. x2
The frilled lizard bites you. The black bear bites you.
* * * LOW HITPOINT WARNING * * *
The black bear claws you but does no damage. x2
You are too injured to fight recklessly!
You are too injured to fight recklessly!
You are too injured to fight recklessly!
You are too injured to fight recklessly!
You are too injured to fight recklessly!
You are too injured to fight recklessly!
You are too injured to fight recklessly!
You are too injured to fight recklessly!
You are too injured to fight recklessly!
You are too injured to fight recklessly!
You are too injured to fight recklessly!
You are too injured to fight recklessly!
You are too injured to fight recklessly!
You barely miss the black bear.
The black bear is severely wounded.
The black bear bites you.
* * * LOW HITPOINT WARNING * * *
You block the black bear's attack. The black bear claws you.
* * * LOW HITPOINT WARNING * * *
The frilled lizard barely misses you. The black bear bites you.
You die...

#.# . #.# #.#.# #
#.#####.#.#.# ..
#.##[.......# ...
#.##.##.#.### ....
#.##.##.# #
.....+#.#..##.#
#...l.#.###.#
#...h@..# #.#
#......>.## #.#
###!...### #.# #....
#.# #.... #.# ###.#
#.# #. #.#
#.#######.########.#
..................


You could see a black bear (berserk) and a frilled lizard.

Vanquished Creatures
  5 adders (D:2)
  4 worms
  4 dart slugs (D:1)
  4 bats
  3 endoplasms
  A giant cockroach (D:1)
  3 goblins
  4 hobgoblins
  3 quokkas
  7 ball pythons
  3 frilled lizards (D:1)
  2 kobolds
  2 rats (D:1)
45 creatures vanquished.

Notes
Turn   | Place    | Note
-------+----------+-------------------------------------------
     0 | D:1      | vineage the Merfolk Fighter began the quest for the Orb.
     0 | D:1      | Reached XP level 1. HP: 18/18 MP: 1/1
   333 | D:1      | Reached XP level 2. HP: 13/24 MP: 2/2
   761 | D:1      | Reached XP level 3. HP: 27/30 MP: 3/3
  1163 | D:2      | Found a faded altar of an unknown god.
  1500 | D:2      | Reached XP level 4. HP: 32/37 MP: 4/4
  2255 | D:3      | You fall into a shaft and drop 2 floors!
  2255 | D:5      | Entered Level 5 of the Dungeon
  2295 | D:3      | Found an ancient bone altar of Kikubaaqudgha.
  2298 | D:3      | Found a faded altar of an unknown god.
  2393 | D:3      | Noticed a black bear
  2404 | D:3      | Slain by a black bear

Illustrated notes

Levels and vault maps discovered:
D:1:      dpeg_arrival_water_fire, layout_basic, minmay_tetromino_t4
D:2:      minmay_inner_zag, layout_basic, dreamdust_ecumenical_altar_statues
D:3:      layout_basic, fedhas_altar_1, nicolae_overflow_ecumenical_swirl,
          minivault_24, kennysheep_potato
D:4:      layout_basic, pf_guarded_unrand_woodcutter, uniq_robin
D:5:      layout_loops_ring, good_gods_mini_temple,
          mainiacjoe_overflow_surrounded_room, lemuel_round_altar, serial_shops,
          shop

Skill      XL: |  1  2  3  4 |
---------------+-------------+-----
Polearms       | 3 4 |  4.1
Fighting       | 4 |  4.5
Armour         | |  2.5
Shields        | |  3.4

Action                     |  1- 3 |  4- 6 || total
---------------------------+-------+-------++-------
  Melee: Trident           |   143 |    54 ||   197
    Use: Scroll            |     5 |     1 ||     6
 Armour: Scale mail        |    50 |    18 ||    68
  Dodge: Dodged            |    55 |    20 ||    75
  Block: Buckler           |    24 |    19 ||    43

Table legend: (Time is in decaauts)
 A = Elapsed time spent in this place.
 B = Non-inter-level travel time spent in this place.
 C = Inter-level travel time spent in this place.
 D = Time resting spent in this place.
 E = Time spent auto-exploring this place.
 F = Levels seen in this place.
 G = Mean time per level.
                   A        B        C        D        E       F      G
               +--------+--------+--------+--------+--------+-----+--------+
         Total |   2426 |   2371 |     55 |    304 |   1657 |   5 |  485.2 |
       Dungeon |   2426 |   2371 |     55 |    304 |   1657 |   5 |  485.2 |
               +--------+--------+--------+--------+--------+-----+--------+

Top non-repeatable levels by time:
     D:1: 1156 daAuts
     D:2: 1049 daAuts
     D:3: 172 daAuts
     D:4: 34 daAuts
     D:5: 12 daAuts
